 Dungeon Crawl Stone Soup version 0.27.0-1-g7a089689b8 (webtiles) character file.

Game seed: 11130496026643528375

50 RepoMan the Gusty (level 3, -1/16 HPs)
             Began as a Vine Stalker Air Elementalist on Aug 8, 2021.
             Succumbed to an adder's poison
             ... on level 1 of the Dungeon.
             The game lasted 00:09:53 (1928 turns).

RepoMan the Gusty (Vine Stalker Air Elementalist)   Turns: 1928, Time: 00:09:53

Health: -1/16      AC:  2    Str: 10    XL:     3   Next: 79%
Magic:  0/8        EV: 12    Int: 16    God:
Gold:   45         SH:  0    Dex: 14    Spells: 4/7 levels left

rFire    . . .     SeeInvis .   c - +1 dagger (flame)
rCold    . . .     Faith    .   (no shield)
rNeg     . . .     Spirit   +   a - +0 robe
rPois    .         Reflect  .   g - +0 hat
rElec    .         Harm     .   (no cloak)
rCorr    .         Rampage  .   (no gloves)
Will     .....                  (no boots)
Stlth    ++........             (no amulet)
HPRegen  0.05/turn              (no ring)
MPRegen  0.11/turn              (no ring)

@: lethally poisoned (-1 -> -10)
A: fangs 2, magic shield, antimagic bite, no potion heal 2
a: no special abilities


You were on level 1 of the Dungeon.
You visited 1 branch of the dungeon, and saw 2 of its levels.

You collected 45 gold pieces.

Inventory:

Hand Weapons
 c - a +1 dagger of flaming (weapon)
 e - a +0 lajatang
Armour
 a - a +0 robe (worn)
 g - a +0 hat (worn)
Scrolls
 b - a scroll of noise {unknown}
 h - a scroll of magic mapping {unknown}
 i - a scroll of fear {unknown}
Potions
 d - a potion of curing {unknown}
 f - a potion of might {unknown}


   Skills:
 - Level 1.5 Dodging
 - Level 2.4 Stealth
 + Level 2.7 Spellcasting
 + Level 1.9 Conjurations
 * Level 3.9 Air Magic


You had 4 spell levels left.
You knew the following spells:

 Your Spells              Type           Power      Damage    Failure   Level
d - Static Discharge      Conj/Air       11%        N/A       9%          2
z - Shock                 Conj/Air       44%        1d5       6%          1

Your spell library contained the following spells:

 Spells                   Type           Power      Damage    Failure   Level
 Swiftness                Air            14%        N/A       12%         3
 Airstrike                Air            7%         N/A       36%         4


Dungeon Overview and Level Annotations

Branches:
Dungeon (2/15)

Altars:


Innate Abilities, Weirdness & Mutations

You have extremely sharp teeth.
When hurt, damage is shared between your health and your magic reserves.
Your bite disrupts and absorbs the magic of your enemies.
Potions cannot restore your health.


Message History

The gnoll is heavily wounded.
The gnoll shouts! x2
The gnoll hits you from afar with a +0 halberd!
Ouch! That really hurt!
There is a stone staircase leading up here.
Unknown command.
The gnoll closely misses you. The adder bites you but does no damage.
You climb upwards.
There is a stone staircase leading down here.
Press: ? - help, v - describe, . - travel
Here: an adder The floor.
Unknown command.
Unknown command.
Casting: Shock (safe; 6% risk of failure)
Confirm with . or Enter, or press ? or * to list all spells.
Aiming: Shock (safe; 6% risk of failure)
Press: ? - help, Shift-Dir - straight line
Okay, then.
The adder bites you.
You are poisoned.
The adder poisons you!
Unknown command.
Unknown command.
Unknown command.
Casting: Shock (safe; 6% risk of failure)
Confirm with . or Enter, or press ? or * to list all spells.
The adder is struck by an arc of lightning.
The adder is heavily wounded.
The lightning grounds out.
You feel sick. The adder bites you.
* * * LOW HITPOINT WARNING * * *
You are more poisoned.
The adder poisons you!
Your +1 dagger of flaming bursts into flame!
c - a +1 dagger of flaming (weapon)
* * * LOW HITPOINT WARNING * * *
You feel sick. The adder closely misses you.
You hit the adder. You burn the adder.
The adder is severely wounded.
You die...

#.......#.##.#####.###.#.#
#.#.#####.#....# #.# #†#.#
#.#............# #.# #.#.#
#..............# #.# #.#.#
##......P≈≈.##.# #.# #.#.#
P#.####.P≈P.##.###.# #†#.#
.≈.# #≈≈≈≈.##..##.###.#.# PP.#
#P≈♣..##...#†##..#.#
≈≈.####≈≈≈P.###S@#.##..#.#
≈.≈##.≈≈≈≈P.# ##>#.##..#.#
≈≈≈#≈P.≈≈≈..######.##..#.#
♣≈P.≈≈P♣♣P≈......#.#...#.#
≈♣≈P≈≈≈≈♣P..###.##)#...#.#
≈≈♣♣≈♣≈♣≈≈.......#.......#
P≈≈≈♣♣≈≈PP#.#..###.#.....#
.≈≈≈♣≈♣≈≈....S...........#
#≈≈≈≈≈≈≈....##.###..#...######


You could see an adder.

Vanquished Creatures
  An adder (D:2)
  A worm (D:2)
  A bat (D:1)
  4 endoplasms (D:1)
  6 goblins (D:1)
  7 hobgoblins (D:1)
  A quokka (D:1)
  3 ball pythons (D:1)
  4 frilled lizards (D:1)
  2 kobolds (D:1)
  4 rats (D:1)
34 creatures vanquished.

Vanquished Creatures (others)
  31 plants (D:1)
31 creatures vanquished.

Grand Total: 65 creatures vanquished

Notes
Turn   | Place    | Note
-------+----------+-------------------------------------------
     0 | D:1      | RepoMan the Vine Stalker Air Elementalist began the quest
                  | for the Orb.
     0 | D:1      | Reached XP level 1. HP: 9/9 MP: 4/4
   212 | D:1      | Reached XP level 2. HP: 13/13 MP: 3/6
   216 | D:1      | Learned a level 2 spell: Static Discharge
   559 | D:1      | Reached XP level 3. HP: 5/16 MP: 0/7
  1928 | D:1      | Succumbed to an adder's poison

Illustrated notes

Levels and vault maps discovered:
D:1:      roderic_crop_circles_arrival_small, layout_basic, serial_bayou,
          serial_bayou_pond_b, serial_bayou_lake_a, serial_bayou_lagoon_a,
          serial_bayou_pond_e
D:2:      layout_basic, minmay_tetromino_o2, uniq_robin, uniq_terence

Action                   || total
-------------------------++-------
Melee: Dagger            ||     2
 Cast: Shock             ||    59
       Static Discharge  ||     1
Armor: Robe              ||     2
Dodge: Dodged            ||     6
